 Dungeon Crawl Stone Soup version 0.17-a0-2027-gcac42c4 (webtiles) character file.

412 Ijustatesigmund the Sneak (level 6, 0/38 HPs)
             Began as an Octopode Transmuter on Oct 10, 2015.
             Slain by kosy22's ghost (11 damage)
             ... on level 5 of the Dungeon.
             The game lasted 00:14:21 (5376 turns).

Ijustatesigmund the Sneak (Octopode Transmuter)     Turns: 5376, Time: 00:14:21

Health: 0/38       AC:  1    Str: 10    XL:     6   Next: 90%
Magic:  7/9        EV:  7    Int: 17    God:
Gold:   149        SH:  0    Dex: 12    Spells: 3 memorised, 3 levels left

rFire  + . .     SeeInvis .     q - +0 rapier
rCold  x . .     Clarity  .     (no shield)
rNeg   . . .     SustAt   +     (helmet restricted)
rPois  .         Gourm    .     f - amulet of resist corrosion
rElec  .         Spirit   .     g - ring of fire
rCorr  +         Warding  .     h - ring of wizardry
rMut   .         Stasis   .     r - ring of sustain attributes
MR     +....                    (no ring)
Stlth  ++++......               (no ring)
                                (no ring)
                                (no ring)
                                (no ring)

@: somewhat resistant to hostile enchantments, stealthy
A: almost no armour, amphibious, 8 rings, constrict 8, camouflage 1, magic
resistance 1, gelatinous body 1
a: no special abilities


You were on level 5 of the Dungeon.
You were not hungry.

You visited 1 branch of the dungeon, and saw 6 of its levels.

You collected 149 gold pieces.

Inventory:

Hand Weapons
 q - a +0 rapier (weapon)
Missiles
 a - 30 arrows
 m - 39 sling bullets
Armour
 n - a +0 large shield
Jewellery
 f - an amulet of resist corrosion (around mantle)
 g - a ring of fire (left tentacle)
 h - a ring of wizardry (right tentacle)
 r - a ring of sustain attributes (on tentacle)
Wands
 o - a wand of random effects (44)
Scrolls
 k - a scroll of fog
 l - a scroll of identify
Potions
 e - a potion of ambrosia
 i - a potion of flight {unknown}
 j - a potion of haste
Books
 b - a book of Changes

   Spells                             Type                      Level
   a - Beastly Appendage              Transmutation                1
   b - Sticks to Snakes               Transmutation                2
   c - Spider Form                    Transmutation/Poison         3
   d - Ice Form                       Ice/Transmutation            4
   e - Blade Hands                    Transmutation                5
Comestibles
 c - 3 bread rations
 p - a meat ration


   Skills:
 - Level 1.0 Fighting
 + Level 3.4 Short Blades
 - Level 2.0 Dodging
 + Level 5.3 Stealth
 - Level 3.0 Unarmed Combat
 - Level 2.0 Spellcasting
 + Level 3.7 Transmutations
 + Level 2.9 Poison Magic


You had 3 spell levels left.
You knew the following spells:

 Your Spells              Type           Power        Failure   Level  Hunger
a - Beastly Appendage     Trmt           ##....       1%          1    #......
b - Sticks to Snakes      Trmt           ##........   4%          2    ###....
c - Spider Form           Trmt/Pois      ##........   7%          3    ###....


Dungeon Overview and Level Annotations

Branches:
Dungeon (6/15)
 Temple: D:4-7

Altars:
Yredelemnul
Jiyva

Annotations:
D:4 Blork the orc, Natasha
D:5 kosy22's ghost, novice DgFi


Innate Abilities, Weirdness & Mutations

You cannot wear most types of armour.
You are amphibious.
You can wear up to eight rings at the same time.
You can use your tentacles to constrict eight enemies at once.
Your skin changes colour to match your surroundings (Stealth).
Your rubbery body absorbs attacks (AC +1).
You are resistant to hostile enchantments.


Message History

Confirm with . or Enter, or press ? or * to list all spells.
You create a snake!
Your adder barely misses kosy22's ghost.
Kosy22's ghost hits your adder!
Your adder dies!
Your ball python bites kosy22's ghost but does no damage.
Kosy22's ghost hits your ball python!
Your ball python dies!
You barely miss kosy22's ghost.
You squeeze kosy22's ghost, but do no damage.
Kosy22's ghost hits you!
You barely miss kosy22's ghost. Your squeeze misses kosy22's ghost.
Kosy22's ghost barely misses you.
You closely miss kosy22's ghost. Kosy22's ghost hits you.
You hit kosy22's ghost but do no damage.
Kosy22's ghost hits you!
* * * LOW HITPOINT WARNING * * *
There is a stone staircase leading up here.
Kosy22's ghost hits you!
You die...

###########.#.#
#...........#.#
#.###....####.#
#.#.###.##.# #.#
#.#.....##.####W###.####
####.########...[..>.......
.......###########.####.###
...................#
...........@.......#
#....>..W.........#
####.......####.###
#..............#
#.###.########## #.# #.#
#.###.# #.....# #######


You could see kosy22's ghost.

Vanquished Creatures
  A giant frog (D:6)
  A scorpion (D:4)
  A crimson imp (D:6)
  A hound (D:4)
  An orc wizard (D:3)
  A worker ant (D:4)
  Robin (D:3)
  6 adders
  3 oozes
  An adder skeleton (D:4)
  2 worms
  3 giant geckos
  9 orcs
  3 ball pythons
  14 bats
  6 giant cockroaches
  17 goblins
  9 hobgoblins
  6 giant newts
  9 jackals
  7 kobolds
  A quokka (D:2)
  9 rats
  A spectral orc (D:3)
113 creatures vanquished.

Notes
Turn   | Place    | Note
--------------------------------------------------------------
     0 | D:1      | Ijustatesigmund the Octopode Transmuter began the quest for the Orb.
     0 | D:1      | Reached XP level 1. HP: 13/13 MP: 3/3
    31 | D:1      | Reached skill level 1 in Stealth
    99 | D:1      | Reached XP level 2. HP: 12/18 MP: 5/5
   105 | D:1      | Learned a level 2 spell: Sticks to Snakes
   319 | D:1      | Reached skill level 1 in Short Blades
   431 | D:1      | You fall through a shaft!
   468 | D:2      | Reached XP level 3. HP: 11/23 MP: 6/6
   474 | D:2      | Learned a level 3 spell: Spider Form
  1566 | D:2      | Reached XP level 4. HP: 25/28 MP: 7/7
  2470 | D:3      | Noticed Robin
  2489 | D:4      | Noticed a phantom
  2518 | D:4      | Noticed Blork the orc
  2531 | D:5      | Entered Level 5 of the Dungeon
  2677 | D:5      | Gained mutation: You are resistant to hostile enchantments. [potion of beneficial mutation]
  2698 | D:4      | Found a viscous altar of Jiyva.
  2894 | D:3      | Reached skill level 1 in Poison Magic
  2904 | D:3      | Reached XP level 5. HP: 17/33 MP: 8/8
  3260 | D:3      | Reached skill level 4 in Stealth
  3533 | D:3      | Killed Robin
  4119 | D:3      | Found a basalt altar of Yredelemnul.
  4323 | D:4      | Reached XP level 6. HP: 21/38 MP: 9/9
  4386 | D:4      | Noticed Natasha
  5008 | D:5      | Noticed kosy22's ghost (novice DgFi)
  5187 | D:6      | Reached skill level 5 in Stealth
  5376 | D:5      | Slain by kosy22's ghost

Vault maps used:
D:1:      onia_arrival_larder
D:3:      yredelemnul_forgotten_temple_becter, minivault_25, uniq_robin
D:4:      first_bread, jiyva_altar_1, uniq_blork_the_orc, uniq_natasha
D:5:      old_forge, serial_shops, shop, uniq_edmund, uniq_grinder, uniq_sigmund
D:6:      xom_redecorated, serial_shops, nicolae_shop_trees, uniq_prince_ribbit1

Action                   |  1- 3 |  4- 6 || total
-------------------------+-------+-------++-------
Melee: Unarmed           |     9 |       ||     9
       Short sword       |    90 |   175 ||   265
       Rapier            |       |     4 ||     4
 Cast: Sticks to Snakes  |       |     2 ||     2
  Use: Scroll            |     3 |     6 ||     9
       Potion            |       |     3 ||     3
 Stab: Sleeping          |    13 |    12 ||    25
  Eat: Chunk             |     2 |     7 ||     9
       Pizza             |       |     2 ||     2
       Fruit             |       |     2 ||     2
       Bread ration      |       |     1 ||     1
